 Dungeon Crawl Stone Soup version 0.22-a0-348-gd16d139 (webtiles) character file.

29 mhoghedin the Grave Robber (level 3, 29/29 HPs)
             Began as a Ghoul Necromancer on Apr 8, 2018.
             Quit the game on level 1 of the Dungeon.
             The game lasted 00:01:48 (722 turns).

mhoghedin the Grave Robber (Ghoul Necromancer)       Turns: 722, Time: 00:01:49

Health: 29/29      AC:  8    Str: 11    XL:     3   Next: 16%
Magic:  4/4        EV:  5    Int: 11    God:
Gold:   53         SH:  0    Dex:  9    Spells: 3/5 levels left

rFire    . . .     SeeInvis .     - Unarmed
rCold    + . .     Gourm    .   (no shield)
rNeg     + + +     Faith    .   e - +0 chain mail (curse)
rPois    ∞         Spirit   .   (no helmet)
rElec    .         Reflect  .   (no cloak)
rCorr    .         Harm     .   (no gloves)
MR       .....                  (no boots)
Stlth    ..........             (no amulet)
HPRegen  0.09/turn              j - ring of wizardry {Wiz+, !d}
MPRegen  0.09/turn              (no ring)

@: rotting
A: rotting body, claws 1, carnivore, cold resistance 1, negative energy
resistance 3, inhibited regeneration, torment resistance, unbreathing
a: no special abilities


You were on level 1 of the Dungeon.
You were not hungry.

You visited 1 branch of the dungeon, and saw 1 of its levels.

You collected 53 gold pieces.

Inventory:

Hand Weapons
 b - a +0 dagger
   (You took it off a kobold on level 1 of the Dungeon)
Armour
 a - a +0 robe
 e - a cursed +0 chain mail (worn)
   (You found it on level 1 of the Dungeon)
Jewellery
 j - a ring of wizardry (left claw) {Wiz+, !d}
   (You found it on level 1 of the Dungeon)
Scrolls
 f - a scroll of noise {unknown}
 g - a scroll of blinking {unknown}
Potions
 d - a potion of lignification {unknown}
 k - a potion of flight {unknown}
Comestibles
 c - 5 rations


   Skills:
 + Level 2.0 Fighting
 - Level 1.7 Dodging
 - Level 2.1 Stealth
 + Level 2.0 Unarmed Combat
 - Level 1.7 Spellcasting
 - Level 4.0 Necromancy


You had 3 spell levels left.
You knew the following spells:

 Your Spells              Type           Power        Failure   Level  Hunger
a - Pain                  Necr           #...         78%         1    ##.....
A - Animate Skeleton      Necr           N/A          78%         1    ##.....


Dungeon Overview and Level Annotations

Branches:
Dungeon (1/15)

Altars:


Innate Abilities, Weirdness & Mutations

Your body is rotting away.
You thrive on raw meat.
You are immune to poison.
You have sharp fingernails.
You are carnivorous and can eat meat at any time.
Your flesh is cold resistant. (rC+)
You are immune to negative energy. (rN+++)
You do not regenerate when monsters are visible.
You are immune to unholy pain and torment.
You can survive without breathing.


Message History

You eat one of the 4 chunks of flesh {@w0}.
You feel more resilient.
This raw flesh tastes great!
The bat completely misses you.
You regained 7 hp, and now have 21/29 hp.
You barely miss the bat. The bat hits you.
You take 1 damage, and have 20/29 hp.
Eating one of 3 chunks of flesh {@w0}.
You eat one of the 3 chunks of flesh {@w0}.
This raw flesh tastes great!
You regained 4 hp, and now have 24/29 hp.
Eat one of 2 chunks of flesh {@w0}? (ye/n/q)
Okay, then.
The bat closely misses you. The bat hits you but does no damage.
You barely miss the bat. The bat misses you.
You closely miss the bat. The bat hits you but does no damage.
The bat hits you. The bat hits you but does no damage.
You take 1 damage, and have 23/29 hp.
You scratch the bat but do no damage. The bat misses you.
The bat hits you but does no damage.
You scratch the bat but do no damage. The bat closely misses you.
You claw the bat!
You kill the bat!
Your Unarmed Combat skill increases to level 2!
No target in view!
No target in view!
No target in view!
No target in view!
No target in view!
No target in view!
No target in view!
No target in view!
No target in view!
No target in view!
No target in view!
No target in view!
No target in view!
No target in view!
No target in view!
b - a dagger You now have 29 gold pieces (gained 10).
You feel your flesh rotting away.
Eating one of 2 chunks of flesh {@w0}.
You eat one of the 2 chunks of flesh {@w0}.
You feel more resilient.
This raw flesh tastes great!
You see here a leather armour.
You see here a leather armour.
d - a brown potion You regained 5 hp, and now have 28/29 hp.
You now have 43 gold pieces (gained 14).
A frilled lizard comes into view.
Health restored: 29 A frilled lizard is nearby!
A frilled lizard is nearby!
The helpless frilled lizard fails to defend itself.
You claw the frilled lizard!
You kill the frilled lizard!
Your Fighting skill increases to level 2!
No target in view!
No target in view!
No target in view!
No target in view!
No target in view!
No target in view!
No target in view!
No target in view!
No target in view!
No target in view!
You see here a frilled lizard corpse.
You see here a runed chain mail.
e - a runed chain mail You start removing your armour.
You continue taking off your +0 robe. x4
You finish taking off your +0 robe.
You start putting on your armour.
You continue putting on your runed chain mail. x5
You finish putting on your cursed +0 chain mail.
Oops, that feels deathly cold.
Okay, then.
Unknown command.
c - 4 rations (gained 1)
A giant cockroach comes into view.
A giant cockroach is nearby!
Your chain mail prevents you from hitting the giant cockroach.
The giant cockroach barely misses you.
You claw the giant cockroach!
You kill the giant cockroach!
No target in view!
No target in view!
No target in view!
No target in view!
No target in view!
No target in view!
No target in view!
No target in view!
c - 5 rations (gained 1)
You see here a giant cockroach corpse.
You see here a leather armour.
All of the chunks of flesh in your inventory have rotted away.
You now have 53 gold pieces (gained 10).
Done exploring.
Done exploring.

####### #...... ### #......
..##################### ###..####
................@.....# #....#[#.
....#################.# #.....[..
...........)........#.# #....#.#.
....###############.#.###....####
.......##### #.#..##........
...........########.##.##........
....#..###....................###
....##..###....#...#.##.......# #
...####.######...###..........# #


There were no monsters in sight!

Vanquished Creatures
  A dart slug (D:1)
  A leopard gecko (D:1)
  A giant cockroach (D:1)
  2 goblins (D:1)
  A hobgoblin (D:1)
  4 jackals (D:1)
  A ball python (D:1)
  4 bats (D:1)
  A frilled lizard (D:1)
  5 kobolds (D:1)
  3 rats (D:1)
24 creatures vanquished.

Notes
Turn   | Place    | Note
-------+----------+-------------------------------------------
     0 | D:1      | mhoghedin the Ghoul Necromancer began the quest for the Orb.
     0 | D:1      | Reached XP level 1. HP: 14/14 MP: 2/2
    71 | D:1      | Reached skill level 1 in Fighting
    71 | D:1      | Reached skill level 1 in Unarmed Combat
   203 | D:1      | Reached XP level 2. HP: 18/23 MP: 3/3
   463 | D:1      | Learned a level 1 spell: Animate Skeleton
   503 | D:1      | Reached XP level 3. HP: 18/29 MP: 4/4
   545 | D:1      | Reached skill level 2 in Unarmed Combat
   613 | D:1      | Reached skill level 2 in Fighting
   722 | D:1      | Quit the game

Vault maps used:
D:1:      lightli_arrival_statuegarden, minmay_split_cup_small

Skill      XL: |  1  2  3 |
---------------+----------+-----
Fighting       | 1 2 |  2.0
Unarmed Combat | 1 2 |  2.0
Dodging        | |  1.7
Stealth        | |  2.1
Spellcasting   | |  1.7
Necromancy     | |  4.0

Action                   || total
-------------------------++-------
Melee: Unarmed           ||   101
 Stab: Sleeping          ||     4
  Eat: Chunk             ||     8
Armor: Robe              ||    20
Dodge: Dodged            ||    87

Table legend:
 A = Spawn XP
 B = Non-spawn XP
 C = Spawn XP percentage of total XP
 D = Spawn monster count
 E = Non-spawn monster count
 F = Spawn count percentage of total count
 G = Total turns spent on level
                    A         B        C        D         E        F      G
               +---------+---------+-------+---------+---------+-------+---------
         Total |       0 |      42 |   0.0 |       0 |      24 |   0.0 |   722
               +---------+---------+-------+---------+---------+-------+---------
           D:1 |       0 |      42 |   0.0 |       0 |      24 |   0.0 |   722
               +---------+---------+-------+---------+---------+-------+---------

Vault maps used:
D:1:      lightli_arrival_statuegarden, minmay_split_cup_small

Table legend:
 A = Turns spent in this place as a percentage of turns spent in the entire game.
 B = Non-inter-level travel turns spent in this place as a percentage of non-inter-level travel turns spent in the entire game.
 C = Inter-level travel turns spent in this place as a percentage of turns spent in this place.
 D = Turns resting spent in this place as a percentage of non-inter-level travel turns spent in this place.
 E = Turns spent auto-exploring this place as a percentage of non-inter-level travel turns spent in this place.
 F = Non-inter-level travel turns spent in this place divided by the number of levels of this place that you've seen.
                   A       B       C       D       E      F
               +-------+-------+-------+-------+-------+----------------------
         Total | 100.0 | 100.0 |   0.0 |  22.2 |  44.5 | 722.0
       Dungeon | 100.0 | 100.0 |   0.0 |  22.2 |  44.5 | 722.0
               +-------+-------+-------+-------+-------+----------------------

Table legend:
 A = Kills in this place as a percentage of kills in entire the game.
 B = Kills by you in this place as a percentage of kills by you in the entire game.
 C = Kills by friends in this place as a percentage of kills by friends in the entire game.
 D = Other kills in this place as a percentage of other kills in the entire game.
 E = Experience gained in this place as a percentage of experience gained in the entire game.
 F = Experience gained in this place divided by the number of levels of this place that you have seen.
                   A       B       C       D       E      F
               +-------+-------+-------+-------+-------+----------------------
         Total | 100.0 | 100.0 |   N/A |   N/A | 100.0 |  42.0
       Dungeon | 100.0 | 100.0 |   N/A |   N/A | 100.0 |  42.0
               +-------+-------+-------+-------+-------+----------------------
